AoeStats
← StarKiller

Arena

510215658Analyzed
2v2 RM · 16h ago on Sep 30, 2026· 65m 52s· 4 players
Game mode
Random Map
Map size
Medium (4 player)
Population
200
Speed
Normal
Resources
Standard
Victory
Conquest
Starting age
Dark Age
Ending age
Imperial Age
RankedLock teamsTeams togetherTeam positionsShared explorationLock speedFull tech treeHidden civsTurbo modeCheats
Victory
Defeat
🇨🇦 Ethiopians · Canada
702
+14
🇺🇸 Poles · United States
649
+16
🇵🇪 Persians · Peru
752
-19
🇨🇴 Khmer · Colombia
551
-11
Amachali
0:45 Loom
12:14 Feudal Age
13:20 Horse Collar
13:28 Double-Bit Axe
14:56 Wheelbarrow
19:30 Castle Age
20:34 Bow Saw
20:26 Heavy Plow
21:20 Hand Cart
21:43 Caravan
24:03 Gold Mining
28:59 Imperial Age
28:09 Forging
27:49 Fletching
28:24 Ballistics
30:19 Iron Casting
29:39 Bodkin Arrow
30:47 Chemistry
31:21 Conscription
31:40 Scale Mail Armor
34:48 Crop Rotation
35:42 Blast Furnace
34:59 Chain Mail Armor
34:22 Elite Skirmisher
35:21 Squires
35:08 Arson
36:12 Elite Obuch
38:09 Plate Mail Armor
42:05 Bracer
42:09 Padded Archer Armor
47:32 Pikeman
50:17 Leather Archer Armor
49:53 Capped Ram
61:57 Szlachta Privileges
62:18 Cavalier
63:58 Husbandry
64:09 Bloodlines
maxhell
10:42 Feudal Age
12:13 Wheelbarrow
11:24 Double-Bit Axe
11:22 Horse Collar
19:33 Castle Age
18:17 Stone Mining
20:55 Bow Saw
22:06 Heavy Plow
23:23 Hand Cart
23:41 Gold Mining
25:15 Gold Shaft Mining
27:13 Town Watch
29:28 Town Patrol
31:57 Stone Shaft Mining
34:48 Imperial Age
32:30 Scale Mail Armor
32:41 Forging
36:39 Chemistry
40:00 Two-Man Saw
39:38 Iron Casting
39:19 Chain Mail Armor
40:25 Torsion Engines
41:52 Elite Shotel Warrior
44:29 Plate Mail Armor
44:59 Blast Furnace
44:09 Squires
44:32 Caravan
45:23 Arson
46:57 Murder Holes
47:12 Masonry
50:32 Royal Heirs
52:08 Halberdier
DVD7418
4:50 Loom
14:00 Feudal Age
14:49 Double-Bit Axe
14:47 Horse Collar
19:17 Castle Age
18:43 Wheelbarrow
17:56 Town Watch
20:44 Scale Mail Armor
20:51 Scale Barding Armor
21:05 Forging
24:45 Bow Saw
27:22 Gold Mining
27:23 Stone Mining
27:39 Heavy Plow
28:17 Chain Mail Armor
28:38 Iron Casting
27:30 Light Cavalry
29:11 Husbandry
30:07 Hand Cart
31:25 Gold Shaft Mining
32:26 Stone Shaft Mining
34:07 Bloodlines
34:21 Chain Barding Armor
52:56 Imperial Age
50:07 Elite Skirmisher
50:42 Fletching
50:53 Padded Archer Armor
50:23 Crossbowman
53:23 Bodkin Arrow
53:44 Leather Archer Armor
54:15 Plate Barding Armor
54:41 Blast Furnace
54:48 Bracer
54:37 Hussar
54:39 Cavalier
StarKiller
1:01 Loom
12:35 Feudal Age
13:51 Wheelbarrow
13:04 Double-Bit Axe
13:02 Horse Collar
18:38 Castle Age
20:28 Crossbowman
20:31 Pikeman
31:20 Imperial Age
29:08 Hand Cart
29:35 Fletching
29:46 Padded Archer Armor
29:54 Thumb Ring
30:19 Bodkin Arrow
30:47 Ballistics
31:01 Bow Saw
30:53 Gold Mining
30:57 Stone Mining
31:17 Heavy Plow
31:51 Leather Archer Armor
33:18 Chemistry
32:59 Forging
32:55 Scale Barding Armor
32:50 Scale Mail Armor
33:48 Conscription
35:07 Two-Man Saw
35:05 Kamandaran
36:51 Ring Archer Armor
38:37 Bloodlines
37:57 Light Cavalry
39:00 Chain Barding Armor
39:16 Iron Casting
39:01 Town Watch
39:26 Caravan
40:57 Hussar
44:41 Plate Barding Armor
45:07 Blast Furnace
44:11 Husbandry
49:58 Elite War Elephant
61:51 Town Patrol
Connection lost

Rejoining the realm…

Still unreachable

The connection could not be restored.

Session expired

The server has moved on; the page needs a fresh start.